 Dungeon Crawl Stone Soup version 0.28.0 (webtiles) character file.

Game seed: 14967587370794608611

18 Dirian the Ducker (level 2, -1/25 HPs)
             Began as a Hill Orc Wanderer on Feb 15, 2022.
             Slain by a kobold (18 damage)
             ... on level 1 of the Dungeon.
             The game lasted 00:01:07 (890 turns).

Dirian the Ducker (Hill Orc Wanderer)                Turns: 890, Time: 00:01:08

Health: -1/25      AC:  5    Str: 13    XL:     2   Next: 70%
Magic:  3/3        EV: 12    Int: 12    God:
Gold:   40         SH:  0    Dex: 11    Spells: 2/3 levels left

rFire   . . .      SeeInvis .   a - +0 club
rCold   . . .      Faith    .   (no shield)
rNeg    . . .      Spirit   .   c - +2 leather armour
rPois   .          Reflect  .   (no helmet)
rElec   .          Harm     .   (no cloak)
rCorr   .          Rampage  .   (no gloves)
Will    .....                   (no boots)
Stlth   +.........              (no amulet)
HPRegen 0.08/turn               (no ring)
MPRegen 0.08/turn               (no ring)

@: no status effects
A: no striking features
a: no special abilities


You were on level 1 of the Dungeon.
You visited 1 branch of the dungeon, and saw 1 of its levels.

You collected 40 gold pieces.

Inventory:

Hand Weapons
 a - a +0 club (weapon)
Armour
 c - a +2 leather armour (worn)
Scrolls
 b - a scroll of silence {unknown}
 r - 2 scrolls of identify
Potions
 q - a potion of curing


   Skills:
 + Level 2.7 Fighting
 * Level 1.7 Axes
 - Level 1.0 Throwing
 + Level 0.9 Armour
 - Level 4.1 Dodging
 + Level 0.9 Shields
 - Level 1.0 Spellcasting
 - Level 1.0 Hexes


You had 2 spell levels left.
You knew the following spells:

 Your Spells              Type           Power      Damage    Failure   Level
a - Slow                  Hex            12%        N/A       26%         1

Your spell library contained the following spells:

 Spells                   Type           Power      Damage    Failure   Level
 Portal Projectile        Hex/Tloc       2%         N/A       67%         3
 Ozocubu's Armour         Ice            0%         N/A       75%         3
 Ozocubu's Refrigeration  Ice            0%         4d5       100%        7


Dungeon Overview and Level Annotations

Branches:
Dungeon (1/15)

Altars:


Message History

No target in view!
No target in view!
No target in view!
No target in view!
No target in view!
No target in view!
As you open the door, it creaks loudly!
You open the door.
There is an open door here.
You open the door.
There is an open door here.
A kobold comes into view. It is wielding a +0 dagger.
The kobold shouts!
A kobold comes into view.
It is wielding a +2 whip of electrocution.
There are monsters nearby!
There are monsters nearby!
The kobold shouts!
The kobold barely misses you.
You barely miss the kobold. The kobold closely misses you.
You hit the kobold.
The kobold is heavily wounded.
The kobold hits you but does no damage.
You hit the kobold.
The kobold is severely wounded.
The kobold hits you but does no damage.
You hit the kobold.
You kill the kobold!
The kobold hits you with a +2 whip of electrocution.
You hit the kobold.
The kobold is moderately wounded.
The kobold hits you with a +2 whip of electrocution.
You closely miss the kobold.
The kobold is moderately wounded.
The kobold barely misses you.
You closely miss the kobold.
The kobold is moderately wounded.
The kobold hits you with a +2 whip of electrocution.
You are electrocuted!!
Ouch! That really hurt!
You die...

##.#..#..... #.#..#.....
#.... #.#..#.....# #...
##'#..#.....####...
......#.#......#..
.......(+.........
....#.#.#......#.#
....)..........#K#
...............#@#
....###........#.# ..
....# #........#.###....
.######.................
...............#.#......
.........#+#####.#......
...............#.###....
.#.............+...#+###
.#.####........#......#


You could see a kobold.

Vanquished Creatures
  An endoplasm (D:1)
  2 giant cockroaches (D:1)
  A goblin (D:1)
  3 hobgoblins (D:1)
  2 quokkas (D:1)
  A ball python (D:1)
  A frilled lizard (D:1)
  2 kobolds (D:1)
  4 rats (D:1)
17 creatures vanquished.

Notes
Turn   | Place    | Note
-------+----------+-------------------------------------------
     0 | D:1      | Dirian the Hill Orc Wanderer began the quest for the Orb.
     0 | D:1      | Dirian set off with the following items: a +0 club, a +2
                  | leather armour, a potion of curing; and the following spell
                  | memorised: Slow; and the following spells available to
                  | memorise: Portal Projectile
     0 | D:1      | Reached XP level 1. HP: 18/18 MP: 2/2
   180 | D:1      | Reached skill level 1 in Axes
   186 | D:1      | Reached XP level 2. HP: 24/25 MP: 3/3
   656 | D:1      | Found a faded altar of an unknown god.
   890 | D:1      | Slain by a kobold

Illustrated notes

Levels and vault maps discovered:
D:1:      minmay_arrival_five_plusses, layout_basic,
          shapermc_ecumenical_altar_venn

Skill      XL: |  1 |
---------------+----+-----
Axes           | 1 |  1.7
Fighting       | |  2.7
Throwing       | |  1.0
Armour         | |  0.9
Dodging        | |  4.1
Shields        | |  0.9
Spellcasting   | |  1.0
Hexes          | |  1.0

Action                   || total
-------------------------++-------
Melee: Club              ||    99
       Punch             ||     1
 Cast: Slow              ||     1
  Use: Scroll            ||     1
Armor: Leather armour    ||    38
Dodge: Dodged            ||    76
